 Dungeon Crawl Stone Soup version 0.20.1-1-g8b1a95d (webtiles) character file.

13399 Mesmaeker13 the Archer (level 11, -4/100 HPs)
             Began as a Centaur Hunter on Sept 5, 2017.
             Was a High Priest of Elyvilon.
             Killed from afar by a starcursed mass (7 damage)
             ... with an accursed screaming
             ... on level 2 of the Abyss.
             The game lasted 00:38:13 (18112 turns).

Mesmaeker13 the Archer (Centaur Hunter)            Turns: 18112, Time: 00:38:13

Health: -4/100     AC: 13    Str: 12    XL:     11   Next: 75%
Magic:  0/23       EV:  5    Int: 10    God:    Elyvilon [*****.]
Gold:   747        SH:  0    Dex: 12    Spells: 10/10 levels left

rFire    + . .     SeeInvis +   A - +6 quarterstaff of Offence {crush, rPois}
rCold    . . .     Gourm    .   (shield currently unavailable)
rNeg     + . .     Faith    .   U - +0 chain mail
rPois    +         Spirit   +   O - +2 helmet of the Bells {+Blink rF+ MP+9 SInv}
rElec    .         Reflect  .   B - scarf {cloud immunity}
rCorr    .         Harm     .   G - +0 pair of gloves
MR       .....                  (no barding)
Stlth    ..........             m - amulet of guardian spirit
Regen    0.0/turn               p - ring of positive energy
MPRegen  0.2/turn               (no ring)

@: very quick
A: hooves 3, [blurry vision 2], deformed body, speed 2, [inhibited
regeneration], tough skin 3, [weak 2], [no potion heal 2]
a: Lesser Healing, Heal Other, Purification, Greater Healing, Divine Vigour,
Divine Protection, Renounce Religion, Evoke Blink


You were on level 2 of the Abyss.
You worshipped Elyvilon.
Elyvilon was extremely pleased with you.
You were not hungry.

You visited 1 branch of the dungeon, and saw 11 of its levels.
You visited the Abyss 1 time.

You collected 747 gold pieces.

Inventory:

Hand Weapons
 a - a +1 shortbow
 e - a +2 scimitar of flaming
 A - the +6 quarterstaff of Offence (weapon) {crush, rPois}
   (You found it on level 8 of the Dungeon)

   It inflicts extra damage upon your enemies.
   It protects you from poison.
 E - a +0 shortbow
Missiles
 d - 118 arrows
 j - 7 javelins (quivered)
Armour
 B - a scarf of cloud immunity (worn)
 C - a scarf of spirit shield
 G - a +0 pair of gloves (worn)
 O - the +2 helmet of the Bells (worn) {+Blink rF+ MP+9 SInv}
   (You found it on level 10 of the Dungeon)

   It protects you from fire.
   It affects your magic capacity (+9).
   It lets you see invisible.
   It lets you blink.
 U - a +0 chain mail (worn)
Jewellery
 m - an amulet of guardian spirit (around neck)
 p - a ring of positive energy (left hand)
Wands
 l - a wand of polymorph (3/24)
 s - a wand of acid (3/15)
 y - a wand of iceblast (6/15)
 D - a wand of disintegration (8/24)
 L - a wand of lightning (5/15)
Scrolls
 b - a scroll of blinking
 g - 6 scrolls of teleportation
 n - a scroll of brand weapon {unknown}
 r - 7 scrolls of remove curse
 t - 4 scrolls of enchant armour
 z - a scroll of enchant weapon
 I - a scroll of recharging
 J - a scroll of fog {unknown}
 K - a scroll of fear {unknown}
 N - a scroll of vulnerability
 P - a scroll of torment {unknown}
Potions
 c - a potion of mutation {unknown}
 i - 3 potions of curing
 v - 2 potions of haste
 w - 2 potions of berserk rage
 F - a potion of ambrosia {unknown}
 H - a potion of brilliance {unknown}
 M - a potion of degeneration {unknown}
 S - a potion of magic {unknown}
Books
 q - a book of Frost

   Spells                             Type                      Level
   a - Freeze                         Ice                          1
   b - Throw Frost                    Conjuration/Ice              2
   c - Ozocubu's Armour               Charms/Ice                   3
   d - Throw Icicle                   Conjuration/Ice              4
   e - Summon Ice Beast               Ice/Summoning                4
Miscellaneous
 u - a box of beasts
Comestibles
 f - 10 bread rations
 h - 3 royal jellies
 k - 4 meat rations


   Skills:
 - Level 10.2 Fighting
   Level 0.8(3.7) Maces & Flails
 + Level 5.9(6.0) Staves
 + Level 12.7 Bows
 - Level 4.2 Throwing
 + Level 5.1 Armour
 - Level 5.6 Dodging
 - Level 0.4 Stealth
   Level 0.5 Shields
 + Level 4.8 Invocations


You had 10 spell levels left.
You didn't know any spells.

Dungeon Overview and Level Annotations

Branches:
Dungeon (11/15)            Temple (0/1) D:5            Lair (0/6) D:11
    Orc: D:9-12

Altars:
Ashenzari
Cheibriados
Elyvilon
Gozag
Hepliaklqana
Kikubaaqudgha
Nemelex Xobeh
Okawaru
Trog
Xom
Yredelemnul
Zin

Shops:
D:4 [   D:5 *   D:9 =

Annotations:
D:9 CrashTest's ghost, novice MiFi
D:10 Snorg
D:11 Sonja


Innate Abilities, Weirdness & Mutations

You have hooves in place of feet.
Armour fits poorly on your strangely shaped body.
You cover ground very quickly.
You have extremely tough skin. (AC +3)
[Scrolls take you longer to read.]
[You do not regenerate when monsters are visible.]
[You are very weak. (Str -4)]
[Potions are poor at restoring your health.]


Message History

You hold your ground!
The thrashing horror tramples you but does no damage. x3
A starcursed mass splits.
A chorus of shrieks assaults your mind.
* * * LOW HITPOINT WARNING * * *
The thrashing horror roars!
The thrashing horror tramples you but does no damage. x2
Okay, then.
You don't have enough magic at the moment.
Unknown command.
You don't have enough magic at the moment.
Your system partially rejects the healing.
You feel better.
The thrashing horror roars!
The thrashing horror tramples you.
* * * LOW HITPOINT WARNING * * *
You hold your ground!
The thrashing horror barely misses you.
The thrashing horror tramples you but does no damage. x2
A chorus of shrieks assaults your mind.
You die...

#. ## ## #. ##
.##.# ####.##.
....
##..#....#..#.#.#
# .. ..##......§#
.. #.# ##.##@# #
#.###...#...X#..#
. .. ..#.#X.....#
#.....
#..#........# #.
#....##....#∩#
#.#.##.#.#.#X## #
###..#..# ##..#
#..##.##. ..X
#......# . ....


You could see 2 starcursed masses, a thrashing horror and a large abomination.

Vanquished Creatures
  Gastronok (D:8)
  A hydra (D:7)
  A two-headed ogre (D:9)
  Erica (D:8)
  Nergalle (D:10)
  An ugly thing (D:10)
  A smoke demon (Abyss:2)
  Maurice (D:8)
  An orange demon (Abyss:2)
  2 raiju (Abyss:2)
  2 hippogriffs
  2 wyverns
  A spriggan (D:7)
  A wraith (D:10)
  4 yaks
  A basilisk (shapeshifter) (Abyss:2)
  Grum (D:8)
  A steam dragon (D:11)
  A soldier ant (D:9)
  4 ice beasts
  2 sky beasts
  An orc warrior (D:9)
  2 black bears (D:6)
  2 ogres (D:8)
  A small abomination (Abyss:2)
  3 wolves (D:8)
  6 centaurs
  Blork the orc (D:5)
  4 big kobolds
  7 bullfrogs
  4 scorpions
  A wyvern skeleton (D:6)
  A water moccasin skeleton (D:8)
  11 killer bees
  2 howler monkeys
  5 wights (D:8)
  An electric eel (D:11)
  4 crimson imps
  3 bullfrog zombies
  A quasit (D:9)
  2 jellies
  6 orc priests
  10 hounds
  3 gnoll shamans
  Jessica (D:3)
  A centaur skeleton (D:6)
  4 iguanas
  Natasha (thrice) (D:3)
  Terence (D:3)
  4 orc wizards
  4 worker ants
  A killer bee zombie (D:7)
  2 worker ant zombies (D:9)
  16 gnolls
  9 adders
  A shadow imp (D:11)
  3 oozes
  2 adder zombies
  5 worms
  A dart slug (D:3)
  5 leopard geckos
  22 orcs
  A ball python (D:3)
  6 bats
  4 giant cockroaches
  7 goblins
  7 hobgoblins
  17 jackals
  15 kobolds
  8 quokkas
  8 frilled lizards
  A jackal zombie (D:6)
  A leopard gecko skeleton (D:5)
  A leopard gecko zombie (D:6)
  7 rats
280 creatures vanquished.

Vanquished Creatures (others)
  2 starspawn tentacles (Abyss:2)
2 creatures vanquished.

Grand Total: 282 creatures vanquished

Notes
Turn   | Place    | Note
-------+----------+-------------------------------------------
     0 | D:1      | Mesmaeker13 the Centaur Hunter began the quest for the Orb.
     0 | D:1      | Reached XP level 1. HP: 17/17 MP: 1/1
   404 | D:1      | Reached XP level 2. HP: 18/25 MP: 2/2
  2039 | D:2      | Reached XP level 3. HP: 30/30 MP: 3/3
  2413 | D:2      | Reached XP level 4. HP: 38/38 MP: 4/4
  2487 | D:2      | Found a hazy altar of Hepliaklqana.
  2726 | D:3      | Reached skill level 6 in Bows
  2898 | D:3      | Noticed Natasha
  2901 | D:3      | Killed Natasha
  3149 | D:3      | Noticed Terence
  3167 | D:3      | Killed Terence
  3167 | D:3      | Reached XP level 5. HP: 46/46 MP: 5/5
  4061 | D:3      | Noticed Natasha
  4064 | D:3      | Killed Natasha
  4118 | D:3      | Noticed Natasha
  4121 | D:3      | Noticed Grinder
  4147 | D:3      | Killed Natasha
  4147 | D:3      | Reached XP level 6. HP: 45/52 MP: 6/6
  4467 | D:3      | Paralysed by Grinder for 6 turns
  4480 | D:3      | Paralysed by Grinder for 4 turns
  4502 | D:3      | Noticed Grinder
  4502 | D:3      | Grinder changed into Grinder the crimson imp
  4533 | D:3      | Killed Grinder the crimson imp
  4533 | D:3      | Reached skill level 7 in Bows
  4611 | D:3      | Noticed Jessica
  4622 | D:3      | Killed Jessica
  5566 | D:4      | Found Naaptof's Antique Armour Boutique.
  5626 | D:4      | Found a basalt altar of Yredelemnul.
  5680 | D:4      | Found a white marble altar of Elyvilon.
  5758 | D:4      | Became a worshipper of Elyvilon the Healer
  6132 | D:4      | Noticed an ice beast
  6159 | D:4      | Killed an ice beast
  6159 | D:4      | Reached XP level 7. HP: 18/60 MP: 2/7
  6592 | D:5      | Entered Level 5 of the Dungeon
  6605 | D:5      | Reached skill level 5 in Fighting
  7023 | D:5      | Reached skill level 8 in Bows
  7346 | D:5      | Found a staircase to the Ecumenical Temple.
  7508 | D:5      | Found Ititom's Assorted Antiques.
  7723 | D:5      | Reached skill level 1 in Throwing
  7832 | D:5      | Found a sparkling altar of Nemelex Xobeh.
  7832 | D:5      | Found a snail-covered altar of Cheibriados.
  7832 | D:5      | Found a bloodstained altar of Trog.
  7855 | D:5      | Found a glowing silver altar of Zin.
  7856 | D:5      | Reached * piety under Elyvilon
  7882 | D:5      | Found an ancient bone altar of Kikubaaqudgha.
  8480 | D:6      | Noticed Blork the orc
  8501 | D:5      | Killed Blork the orc
  8501 | D:5      | Reached XP level 8. HP: 60/70 MP: 8/8
  8550 | D:6      | Found a snail-covered altar of Cheibriados.
  8714 | D:6      | Found an opulent altar of Gozag.
  9014 | D:6      | Reached ** piety under Elyvilon
  9608 | D:7      | Found a shimmering altar of Xom.
  9779 | D:7      | Noticed a five-headed hydra
  9869 | D:7      | Killed a five-headed hydra
  9869 | D:7      | Reached skill level 9 in Bows
  9869 | D:7      | Reached skill level 5 in Dodging
  9869 | D:7      | Reached XP level 9. HP: 62/80 MP: 7/9
 10865 | D:8      | Reached *** piety under Elyvilon
 10902 | D:8      | Got a twisted quarterstaff
 10905 | D:8      | Identified the +6 quarterstaff of Offence {crush, rPois} (You found it on level 8 of the Dungeon)
 10923 | D:8      | Noticed Maurice
 11014 | D:8      | Killed Maurice
 11014 | D:8      | Reached skill level 1 in Staves
 11014 | D:8      | Reached skill level 10 in Bows
 11014 | D:8      | Reached skill level 1 in Armour
 11299 | D:8      | You fall through a shaft for 3 floors!
 11450 | D:10     | Entered Level 10 of the Dungeon
 11509 | D:10     | Noticed a white ugly thing
 11794 | D:9      | Reached XP level 10. HP: 58/90 MP: 7/10
 11996 | D:9      | Reached **** piety under Elyvilon
 12011 | D:9      | Found a shattered altar of Ashenzari.
 12662 | D:9      | Noticed CrashTest's ghost (novice MiFi)
 12797 | D:10     | Found an iron altar of Okawaru.
 13052 | D:10     | Killed a white ugly thing
 13052 | D:10     | Reached skill level 11 in Bows
 13410 | D:10     | Noticed Nergalle
 13424 | D:10     | Killed Nergalle
 13491 | D:10     | Got an ichor-stained helmet
 13502 | D:10     | Identified the +2 helmet of the Bells {+Blink rF+ MP+9 SInv} (You found it on level 10 of the Dungeon)
 13966 | D:9      | Reached ***** piety under Elyvilon
 14285 | D:9      | Noticed Grum
 14301 | D:8      | Reached skill level 1 in Invocations
 14607 | D:8      | Noticed Gastronok
 14689 | D:8      | Killed Gastronok
 14689 | D:8      | Reached XP level 11. HP: 75/99 MP: 12/12
 14887 | D:8      | Noticed Erica
 14928 | D:8      | Killed Erica
 14928 | D:8      | Reached skill level 10 in Fighting
 14928 | D:8      | Reached skill level 12 in Bows
 15520 | D:8      | Reached skill level 5 in Staves
 15696 | D:8      | Killed Grum
 15984 | D:9      | Noticed a two-headed ogre
 16015 | D:9      | Killed a two-headed ogre
 16051 | D:9      | Found Vaoz's Jewellery Boutique.
 16390 | D:11     | Noticed Snorg
 17313 | D:11     | Found a staircase to the Lair.
 17445 | D:11     | Noticed Sonja
 17773 | D:11     | Cast into level 2 of the Abyss (Sonja)
 17776 | Abyss:2  | Found a corrupted altar of Lugonu.
 17786 | Abyss:2  | Found a corrupted altar of Lugonu.
 17820 | Abyss:2  | Noticed a wretched star
 17885 | Abyss:2  | Found a sacrificial altar of Ru.
 17886 | Abyss:2  | Found a corrupted altar of Lugonu.
 17956 | Abyss:2  | Noticed a shining eye
 17992 | Abyss:2  | Reached skill level 5 in Armour
 18040 | Abyss:2  | Noticed a tentacled starspawn
 18043 | Abyss:2  | Noticed a starcursed mass
 18084 | Abyss:2  | Noticed a thrashing horror
 18085 | Abyss:2  | Noticed a thrashing horror
 18110 | Abyss:2  | Noticed a starcursed mass
 18110 | Abyss:2  | HP: 4/100 [starcursed mass/accursed screaming (8)]
 18112 | Abyss:2  | Killed from afar by a starcursed mass

Skill      XL: |  1  2  3  4  5  6  7  8  9 10 11 |
---------------+----------------------------------+-----
Dodging        | 2 3 5 |  5.6
Fighting       | 3 4 6 7 8 9 10 | 10.2
Bows           | 6 7 8 9 10 11 12 | 12.7
Throwing       | 2 4 |  4.2
Staves         | 2 4 5 |  5.9
Armour         | 2 4 5 |  5.1
Invocations    | 2 4 |  4.8
Maces & Flails | |  0.8
Stealth        | |  0.4
Shields        | |  0.5

Action                   |  1- 3 |  4- 6 |  7- 9 | 10-12 || total
-------------------------+-------+-------+-------+-------++-------
Melee: Short sword       |    82 |   146 |    64 |       ||   292
       Kick              |    15 |    37 |    74 |    44 ||   170
       Unarmed           |       |     4 |       |       ||     4
       Flail             |       |       |   212 |       ||   212
       Quarterstaff      |       |       |    36 |   213 ||   249
 Fire: Shortbow          |    43 |    78 |    50 |   365 ||   536
Invok: Purification      |       |       |       |     3 ||     3
       Greater Healing   |       |       |       |     2 ||     2
       Lesser Healing    |       |       |       |     1 ||     1
 Abil: Evoke Blink       |       |       |       |     1 ||     1
Evoke: Wand              |       |     2 |     4 |     3 ||     9
  Use: Scroll            |     1 |     3 |     5 |     6 ||    15
       Potion            |       |       |     1 |     3 ||     4
  Eat: Chunk             |     4 |    10 |    14 |    16 ||    44
       Fruit             |       |       |     2 |     4 ||     6
Armor: Leather armour    |    35 |       |       |       ||    35
       Ring mail         |     3 |    70 |   144 |   118 ||   335
       Skin              |       |     3 |       |       ||     3
       Chain mail        |       |       |       |    67 ||    67
Dodge: Dodged            |    48 |    91 |   170 |   190 ||   499
Block: Buckler           |       |     4 |       |       ||     4
